SAA
BELVEDERE PARK RAWHIDES @ IRVING BLUE SOX
05/13/2024
 
TOP OF THE 1ST
Belvedere Park Rawhides batting - Pitching for Irving Blue Sox : RHP Juan Ríos
Pitching: RHP Juan Ríos
Batting: LHB Gustavo Vázquez 0-0: Foul Ball, location: 2F
0-1: Ball
1-1: Ball
2-1: Ball
3-1: Foul Ball, location: 2F
3-2: Base on Balls
Batting: RHB Pedro Jiménez 0-0: Ball
1-0: Called Strike
Gustavo Vázquez steals 2nd base
1-1: Ball
2-1: Foul Ball, location: 2F
2-2: Ball
3-2: Base on Balls
Batting: RHB Justin Miles 0-0: Foul Ball, location: 2F
0-1: Foul Ball, location: 2F
0-2: Ball
1-2: Ball
2-2: Strikes out swinging
Batting: RHB Claudio Mendoza 0-0: Swinging Strike
0-1: Ball
1-1: Ball
2-1: Foul Ball, location: 2F
2-2: Foul Ball, location: 2F
2-2: Foul Ball, location: 2F
2-2: Strikes out swinging
Batting: LHB Willie Brown 0-0: Ball
1-0: Ball
2-0: Ball
3-0: Called Strike
3-1: Called Strike
3-2: Base on Balls
Gustavo Vázquez to third
Pedro Jiménez to second
Batting: SHB Ryan Cook 0-0: Ball
1-0: Foul Ball, location: 2F
1-1: Ball
2-1: Ball
3-1: Base on Balls
Gustavo Vázquez scores
Pedro Jiménez to third
Willie Brown to second
Batting: SHB Javier Valle 0-0: Ball
1-0: SINGLE (Groundball, 4M) (infield hit)
Pedro Jiménez scores
Willie Brown to third
Ryan Cook to second
Batting: SHB Galtero Suárez 0-0: Swinging Strike
0-1: Foul Ball, location: 2F
0-2: Ball
1-2: DOUBLE (Flyball, 7LM)
Willie Brown scores
Ryan Cook scores
Javier Valle to third
Batting: LHB Luis Moreno 0-0: Called Strike
0-1: Foul Ball, location: 2F
0-2: Fly out, F5 (Popup, 5SF)
Top of the 1st over - 4 run(s), 2 hit(s), 0 error(s), 2 left on base; Belvedere Park 4 - Irving 0
BOTTOM OF THE 1ST
Irving Blue Sox batting - Pitching for Belvedere Park Rawhides : RHP Jorge Rosales
Pitching: RHP Jorge Rosales
Batting: RHB Jackie Coogan 0-0: Called Strike
0-1: Ball
1-1: Fly out, F8 (Flyball, 8LM)
Batting: RHB Christovão Galho 0-0: Fly out, F9 (Flyball, 8RM)
Batting: LHB Esteban Casillas 0-0: Foul Ball, location: 2F
0-1: Called Strike
0-2: Ball
1-2: Ball
2-2: Foul Ball, location: 2F
2-2: DOUBLE (Line Drive, 89XD)
Batting: RHB Arturo Mateo 0-0: Called Strike
0-1: Ground out 5-3 (Groundball, 56S)
Bottom of the 1st over - 0 run(s), 1 hit(s), 0 error(s), 1 left on base; Belvedere Park 4 - Irving 0
TOP OF THE 2ND
Belvedere Park Rawhides batting - Pitching for Irving Blue Sox : RHP Juan Ríos
Batting: LHB Gustavo Vázquez 0-0: Ball
1-0: Swinging Strike
1-1: Ball
2-1: Fly out, F9 (Flyball, 89M)
Batting: RHB Pedro Jiménez 0-0: Ground out 5-3 (Groundball, 56S)
Batting: RHB Justin Miles 0-0: Called Strike
0-1: Foul Ball, location: 2F
0-2: Ground out 3-1 (Groundball, 34)
Top of the 2nd over - 0 run(s), 0 hit(s), 0 error(s), 0 left on base; Belvedere Park 4 - Irving 0
BOTTOM OF THE 2ND
Irving Blue Sox batting - Pitching for Belvedere Park Rawhides : RHP Jorge Rosales
Batting: RHB Daniel Molina 0-0: Called Strike
0-1: Fly out, F9 (Flyball, 9M)
Batting: RHB Alfredo Chávez 0-0: Swinging Strike
0-1: Ball
1-1: Fly out, F3 (Popup, 3)
Batting: RHB Rafael Delgado 0-0: Called Strike
0-1: Ball
1-1: Ball
2-1: Called Strike
2-2: Strikes out swinging
Bottom of the 2nd over - 0 run(s), 0 hit(s), 0 error(s), 0 left on base; Belvedere Park 4 - Irving 0
TOP OF THE 3RD
Belvedere Park Rawhides batting - Pitching for Irving Blue Sox : RHP Juan Ríos
Batting: RHB Claudio Mendoza 0-0: Called Strike
0-1: Ball
1-1: Ball
2-1: DOUBLE (Flyball, 9D)
Batting: LHB Willie Brown 0-0: Ball
1-0: Swinging Strike
1-1: Swinging Strike
1-2: Strikes out swinging
Batting: SHB Ryan Cook 0-0: Swinging Strike
0-1: SINGLE (Line Drive, 4MD)
Claudio Mendoza to third
Batting: SHB Javier Valle 0-0: Fly out, F5 (Line Drive, 5S)
0-0: Lined into DP, U5 (Line Drive, 5S)
Top of the 3rd over - 0 run(s), 2 hit(s), 0 error(s), 1 left on base; Belvedere Park 4 - Irving 0
BOTTOM OF THE 3RD
Irving Blue Sox batting - Pitching for Belvedere Park Rawhides : RHP Jorge Rosales
Batting: RHB Philip Schooten 0-0: Ball
1-0: Ball
2-0: Called Strike
2-1: Ball
3-1: Fly out, F8 (Flyball, 8LM)
Batting: RHB Jim Unknown 0-0: Ball
1-0: Fly out, F7 (Flyball, 7LD)
Batting: RHB Jackie Coogan 0-0: Foul Ball, location: 2F
0-1: Ball
1-1: Called Strike
1-2: Strikes out swinging
Bottom of the 3rd over - 0 run(s), 0 hit(s), 0 error(s), 0 left on base; Belvedere Park 4 - Irving 0
TOP OF THE 4TH
Belvedere Park Rawhides batting - Pitching for Irving Blue Sox : RHP Juan Ríos
Batting: SHB Galtero Suárez 0-0: Called Strike
0-1: Ball
1-1: Reached on error, E3 (Groundball, 3)
Batting: LHB Luis Moreno 0-0: Ball
1-0: Fly out, F8 (Flyball, 78M)
Batting: LHB Gustavo Vázquez 0-0: Foul Ball, location: 2F
0-1: Foul Ball, location: 2F
0-2: Ball
1-2: Ball
2-2: Foul Ball, location: 2F
2-2: Foul Ball, location: 2F
2-2: Foul Ball, location: 2F
2-2: Ball
3-2: Foul Ball, location: 2F
3-2: SINGLE (Groundball, 34D)
Galtero Suárez to second
Pitching: LHP Mack Rosier
Batting: RHB Pedro Jiménez 0-0: Ball
1-0: Ball
2-0: Ball
3-0: Called Strike
3-1: 3-RUN HOME RUN (Flyball, 7LD), Distance : 357 ft
Batting: RHB Justin Miles 0-0: Foul Ball, location: 2F
0-1: Ball
1-1: Ground out 5-3 (Groundball, 5)
Batting: RHB Claudio Mendoza 0-0: Ball
1-0: Ball
2-0: SINGLE (Groundball, 5L)
Batting: LHB Willie Brown 0-0: Foul Ball, location: 2F
0-1: Swinging Strike
0-2: Foul Ball, location: 2F
0-2: Foul Ball, location: 2F
0-2: Ground out 4-3 (Groundball, 4)
Top of the 4th over - 3 run(s), 3 hit(s), 1 error(s), 1 left on base; Belvedere Park 7 - Irving 0
BOTTOM OF THE 4TH
Irving Blue Sox batting - Pitching for Belvedere Park Rawhides : RHP Jorge Rosales
Batting: RHB Christovão Galho 0-0: Swinging Strike
0-1: Foul Ball, location: 2F
0-2: Foul Ball, location: 2F
0-2: Ground out 4-3 (Groundball, 4)
Batting: LHB Esteban Casillas 0-0: Ball
1-0: Called Strike
1-1: Ball
2-1: Ball
3-1: Called Strike
3-2: Foul Ball, location: 2F
3-2: Foul Ball, location: 2F
3-2: Foul Ball, location: 2F
3-2: Ground out 6-3 (Groundball, 6)
Batting: RHB Arturo Mateo 0-0: Ball
1-0: Ball
2-0: Called Strike
2-1: Ball
3-1: Foul Ball, location: 2F
3-2: Base on Balls
Batting: RHB Daniel Molina 0-0: Ball
1-0: Foul Ball, location: 2F
1-1: Ball
2-1: Called Strike
2-2: Ball
3-2: Base on Balls
Arturo Mateo to second
Batting: RHB Alfredo Chávez 0-0: Hit by Pitch
Arturo Mateo to third
Daniel Molina to second
Batting: RHB Rafael Delgado 0-0: Ball
1-0: Ball
2-0: Ball
3-0: Called Strike
3-1: Foul Ball, location: 2F
3-2: SINGLE (Line Drive, 34)
Arturo Mateo scores
Daniel Molina to third
Alfredo Chávez to second
Daniel Molina scores
Alfredo Chávez to third
Batting: RHB Philip Schooten 0-0: Ground out U3 (Groundball, 3)
Bottom of the 4th over - 2 run(s), 1 hit(s), 0 error(s), 2 left on base; Belvedere Park 7 - Irving 2
TOP OF THE 5TH
Belvedere Park Rawhides batting - Pitching for Irving Blue Sox : LHP Mack Rosier
Batting: SHB Ryan Cook 0-0: Ball
1-0: Called Strike
1-1: Called Strike
1-2: Foul Ball, location: 2F
1-2: Fly out, F9 (Flyball, 9M)
Batting: SHB Javier Valle 0-0: Ball
1-0: Ball
2-0: Called Strike
2-1: Swinging Strike
2-2: Ground out 1-3 (Groundball, 13S)
Batting: SHB Galtero Suárez 0-0: Called Strike
0-1: Foul Ball, location: 2F
0-2: Ball
1-2: Ground out 6-3 (Groundball, 6)
Top of the 5th over - 0 run(s), 0 hit(s), 0 error(s), 0 left on base; Belvedere Park 7 - Irving 2
BOTTOM OF THE 5TH
Irving Blue Sox batting - Pitching for Belvedere Park Rawhides : RHP Jorge Rosales
Batting: RHB Jim Unknown 0-0: Ball
1-0: Ball
2-0: Called Strike
2-1: Swinging Strike
2-2: Ground out 6-3 (Groundball, 6M)
Batting: RHB Jackie Coogan 0-0: Ground out 5-3 (Groundball, 56S)
Batting: RHB Christovão Galho 0-0: Called Strike
0-1: Ground out U3 (Groundball, 3S)
Bottom of the 5th over - 0 run(s), 0 hit(s), 0 error(s), 0 left on base; Belvedere Park 7 - Irving 2
TOP OF THE 6TH
Belvedere Park Rawhides batting - Pitching for Irving Blue Sox : LHP Mack Rosier
Batting: LHB Luis Moreno 0-0: Swinging Strike
0-1: Fly out, F8 (Flyball, 8RM)
Batting: LHB Gustavo Vázquez 0-0: Ground out 4-3 (Groundball, 4)
Batting: RHB Pedro Jiménez 0-0: Foul Ball, location: 2F
0-1: Ball
1-1: Ball
2-1: Foul Ball, location: 2F
2-2: Ball
3-2: Strikes out swinging
Top of the 6th over - 0 run(s), 0 hit(s), 0 error(s), 0 left on base; Belvedere Park 7 - Irving 2
BOTTOM OF THE 6TH
Irving Blue Sox batting - Pitching for Belvedere Park Rawhides : RHP Jorge Rosales
Batting: LHB Esteban Casillas 0-0: SINGLE (Line Drive, 34)
Batting: RHB Arturo Mateo 0-0: Foul Ball, location: 2F
0-1: Fly out, F6 (Popup, 6MD)
Batting: RHB Daniel Molina 0-0: Foul Ball, location: 2F
0-1: Ball
1-1: Ball
2-1: Swinging Strike
2-2: DOUBLE (Flyball, 8LD)
Esteban Casillas to third
Batting: RHB Alfredo Chávez 0-0: Called Strike
0-1: Ball
1-1: Fly out, F9 (Flyball, 9LS)
Batting: RHB Rafael Delgado 0-0: Ball
1-0: Foul Ball, location: 2F
1-1: Ball
2-1: Fly out, F2 (Popup, 2RF)
Bottom of the 6th over - 0 run(s), 2 hit(s), 0 error(s), 2 left on base; Belvedere Park 7 - Irving 2
TOP OF THE 7TH
Belvedere Park Rawhides batting - Pitching for Irving Blue Sox : LHP Mack Rosier
Batting: RHB Justin Miles 0-0: Called Strike
0-1: Ball
1-1: Fly out, F2 (Popup, 2LF)
Batting: RHB Claudio Mendoza 0-0: Ball
1-0: Ball
2-0: Ball
3-0: Called Strike
3-1: Base on Balls
Batting: LHB Willie Brown 0-0: Ball
1-0: Fly out, F7 (Flyball, 78M)
Batting: SHB Ryan Cook 0-0: Called Strike
Claudio Mendoza steals 2nd base
0-1: Ball
1-1: Called Strike
1-2: Strikes out looking
Top of the 7th over - 0 run(s), 0 hit(s), 0 error(s), 1 left on base; Belvedere Park 7 - Irving 2
BOTTOM OF THE 7TH
Irving Blue Sox batting - Pitching for Belvedere Park Rawhides : RHP Jorge Rosales
Batting: RHB Philip Schooten 0-0: Swinging Strike
0-1: Ball
1-1: Fly out, F8 (Flyball, 8RM)
Pitching: LHP Brian Wheeler
Batting: RHB Jim Unknown 0-0: Called Strike
0-1: Ball
1-1: Foul Ball, location: 2F
1-2: Ball
2-2: Foul Ball, location: 2F
2-2: Strikes out swinging
Batting: RHB Jackie Coogan 0-0: Foul Ball, location: 2F
0-1: Ball
1-1: Ground out 6-3 (Groundball, 6)
Bottom of the 7th over - 0 run(s), 0 hit(s), 0 error(s), 0 left on base; Belvedere Park 7 - Irving 2
TOP OF THE 8TH
Belvedere Park Rawhides batting - Pitching for Irving Blue Sox : LHP Mack Rosier
Batting: SHB Javier Valle 0-0: Ball
1-0: Ball
2-0: SINGLE (Flyball, 8RS)
Batting: SHB Galtero Suárez 0-0: Ball
1-0: Sac Bunt - play at first, batter OUT! 3-4
Javier Valle to second
Batting: LHB Luis Moreno 0-0: Ball
1-0: Called Strike
1-1: Called Strike
1-2: Ball
2-2: Fly out, F8 (Flyball, 89M)
Batting: LHB Gustavo Vázquez 0-0: Foul Ball, location: 2F
0-1: Ball
1-1: Swinging Strike
1-2: Ball
2-2: Foul Ball, location: 2F
2-2: Foul Ball, location: 2F
2-2: Foul Ball, location: 2F
2-2: SINGLE (Groundball, 4MD)
Javier Valle to third
Runner from 3rd tries for Home, SAFE, no throw or cutoff
Batting: RHB Pedro Jiménez 0-0: Ball
1-0: Ball
2-0: Called Strike
2-1: Ball
Gustavo Vázquez steals 2nd base
3-1: Ground out 1-3 (Groundball, 15)
Top of the 8th over - 1 run(s), 2 hit(s), 0 error(s), 1 left on base; Belvedere Park 8 - Irving 2
BOTTOM OF THE 8TH
Irving Blue Sox batting - Pitching for Belvedere Park Rawhides : LHP Brian Wheeler
Now at C: Jim Burch
Now in CF: César López
Now in RF: Francisco Valentín
Batting: RHB Christovão Galho 0-0: Called Strike
0-1: Ground out 3-1 (Groundball, 34)
Batting: LHB Esteban Casillas 0-0: Called Strike
0-1: Foul Ball, location: 2F
0-2: Ball
1-2: Fly out, F8 (Line Drive, 89D)
Batting: RHB Arturo Mateo 0-0: Ball
1-0: Ball
2-0: Ball
3-0: Called Strike
3-1: Foul Ball, location: 2F
3-2: Foul Ball, location: 2F
3-2: Fly out, F9 (Flyball, 9M)
Bottom of the 8th over - 0 run(s), 0 hit(s), 0 error(s), 0 left on base; Belvedere Park 8 - Irving 2
TOP OF THE 9TH
Belvedere Park Rawhides batting - Pitching for Irving Blue Sox : LHP Mack Rosier
Pitching: RHP Jim Unknown
Batting: RHB Justin Miles 0-0: Ball
1-0: SINGLE (Line Drive, 89S)
Batting: RHB Claudio Mendoza 0-0: Called Strike
0-1: Ball
1-1: Called Strike
1-2: Ball
2-2: Foul Ball, location: 2F
2-2: Ball
3-2: Grounds into double play, 6-4-3 (Groundball, 6)
Batting: LHB Willie Brown 0-0: Called Strike
0-1: Called Strike
0-2: Ball
1-2: Ball
2-2: Foul Ball, location: 2F
2-2: Foul Ball, location: 2F
2-2: Ball
3-2: Foul Ball, location: 2F
3-2: Strikes out looking
Top of the 9th over - 0 run(s), 1 hit(s), 0 error(s), 0 left on base; Belvedere Park 8 - Irving 2
BOTTOM OF THE 9TH
Irving Blue Sox batting - Pitching for Belvedere Park Rawhides : LHP Brian Wheeler
Batting: RHB Daniel Molina 0-0: DOUBLE (Line Drive, 7LS)
Batting: RHB Alfredo Chávez 0-0: Foul Ball, location: 2F
0-1: Ball
1-1: Ball
2-1: Ball
Wild Pitch!
Daniel Molina to third
3-1: SINGLE (Line Drive, 9S)
Daniel Molina scores
Batting: RHB Rafael Delgado 0-0: Swinging Strike
0-1: Ball
1-1: Called Strike
1-2: Strikes out looking
Batting: RHB Philip Schooten 0-0: Ball
1-0: Foul Ball, location: 2F
1-1: Foul Ball, location: 2F
1-2: Strikes out swinging
Batting: RHB Jim Unknown 0-0: Ball
1-0: Called Strike
1-1: Foul Ball, location: 2F
1-2: Ball
2-2: Ball
3-2: Foul Ball, location: 2F
3-2: Foul Ball, location: 2F
3-2: Foul Ball, location: 2F
3-2: Foul Ball, location: 2F
3-2: Base on Balls
Alfredo Chávez to second
Batting: RHB Jackie Coogan 0-0: Foul Ball, location: 2F
0-1: Ball
1-1: Fly out, F8 (Flyball, 8LM)
Bottom of the 9th over - 1 run(s), 2 hit(s), 0 error(s), 2 left on base; Belvedere Park 8 - Irving 3
This league is powered by Out of the Park Baseball, the baseball management simulation game for PC, Mac and Linux
Monday, October 3rd, 2016 - OOTP Baseball 16.9 Build 39